 Dungeon Crawl Stone Soup version 0.28-a0-1234-g826d19b2e0 (webtiles) character file.

Game seed: 15090954853845859613

1282 dr0g0th the Cleaver (level 8, -4/69 HPs)
             Began as a Minotaur Fighter on Dec 23, 2021.
             Slain by a troll (8 damage)
             ... on level 6 of the Dungeon.
             The game lasted 00:05:14 (5782 turns).

dr0g0th the Cleaver (Minotaur Fighter)              Turns: 5782, Time: 00:05:14

Health: -4/69      AC: 14    Str: 20    XL:     8   Next: 29%
Magic:  7/7        EV:  7    Int:  5    God:
Gold:   253        SH:  5    Dex: 13    Spells: 7/7 levels left

rFire   . . .      SeeInvis .   a - +0 war axe
rCold   . . .      Faith    .   c - +0 buckler
rNeg    . . .      Spirit   .   v - +0 plate armour
rPois   .          Reflect  .   (helmet restricted)
rElec   .          Harm     .   s - scarf {shadows}
rCorr   +          Rampage  .   f - +0 pair of gloves
Will    .....                   (no boots)
Stlth   ..........              (no amulet)
HPRegen 0.21/turn               p - ring of resist corrosion
MPRegen 0.10/turn               (no ring)

@: no status effects
A: horns 2, retaliatory headbutt
a: no special abilities


You were on level 6 of the Dungeon.
You visited 1 branch of the dungeon, and saw 6 of its levels.

You collected 253 gold pieces.

Inventory:

Hand Weapons
 a - a +0 war axe (weapon)
Missiles
 n - a throwing net (quivered)
Armour
 c - a +0 buckler (worn)
 f - a +0 pair of gloves (worn)
 s - a scarf of shadows (worn)
 v - a +0 plate armour (worn)
Jewellery
 h - a ring of flight
 m - a ring of fire
 p - a ring of resist corrosion (left hand)
Wands
 l - a wand of flame (14)
 o - a wand of paralysis (1)
 u - a wand of mindburst (8)
Scrolls
 g - 2 scrolls of identify
 r - a scroll of blinking
 t - 3 scrolls of teleportation
Potions
 i - a potion of flight {unknown}
 j - 2 potions of attraction {unknown}
 k - 5 potions of curing {unknown}
 q - 2 potions of magic


   Skills:
 + Level 5.6 Fighting
 + Level 8.8 Axes
 + Level 0.1 Throwing
 + Level 6.6 Armour
 + Level 2.9 Dodging
 + Level 0.4 Stealth
 + Level 4.7 Shields


You had 7 spell levels left.
You didn't know any spells.
Your spell library contained the following spells:

 Spells                   Type           Power      Damage    Failure   Level
 Static Discharge         Conj/Air       0%         N/A       100%        2
 Lightning Bolt           Conj/Air       0%         1d11      100%        5
 Malign Gateway           Summ/Tloc      0%         N/A       100%        7
 Maxwell's Capacitive Co  Air            0%         ∞         100%        8
 Summon Horrible Things   Summ           0%         N/A       100%        8


Dungeon Overview and Level Annotations

Branches:
Dungeon (6/15)
 Temple: D:4-7

Altars:
Ru

Shops:
D:3 =   D:6 *


Innate Abilities, Weirdness & Mutations

You have a pair of horns on your head.
You reflexively headbutt those who attack you in melee.


Message History

Moving in this stuff is going to be slow.
Found 23 stones.
A troll comes into view.
The troll shouts!
The troll moves out of view.
A troll is nearby!
You enter the shallow water.
Moving in this stuff is going to be slow.
The troll barely misses you.
The troll claws you but does no damage. x2
Your unstable footing causes you to fumble your attack.
The troll bites you!
The troll claws you but does no damage. x2
Your unstable footing causes you to fumble your attack.
The troll bites you! The troll claws you. You block the troll's attack.
Your unstable footing causes you to fumble your attack.
The troll bites you. The troll claws you. x2
You are too injured to fight recklessly!
It was a potion of magic.
Magic courses through your body. The troll bites you!
* * * LOW HITPOINT WARNING * * *
The troll barely misses you. The troll closely misses you.
You are too injured to fight recklessly!
You barely miss the troll. You headbutt the troll!
The troll is moderately wounded.
The troll bites you but does no damage. The troll claws you.
* * * LOW HITPOINT WARNING * * *
The troll claws you.
* * * LOW HITPOINT WARNING * * *
You closely miss the troll. You headbutt the troll!
The troll is moderately wounded.
You block the troll's attack. x2; The troll barely misses you.
You slash the troll! You headbutt the troll.
The troll is severely wounded.
The troll bites you.
* * * LOW HITPOINT WARNING * * *
The troll claws you.
* * * LOW HITPOINT WARNING * * *
The troll barely misses you.
You hit the troll.
The troll is almost dead.
The troll bites you but does no damage. The troll claws you!
You die...

#.(............#
#..###....###..#
##.#...#..#...#.#
#..#.⌠.#..#.⌠.#.#
#..#...#≈≈#...#.#
#..≈###≈≈≈≈###≈.#
#)..≈≈≈≈≈≈≈≈≈≈..#
#...≈≈≈≈≈≈≈≈≈≈..##
##..≈###≈≈≈≈###T@.#
....#...#≈≈#...#..#
###.#.⌠.# .#.⌠.#..#
#.#...# #...#.$#
###..###....###...#
............ ...#
.........## ...#
..........
#...######


You could see a troll.

Vanquished Creatures
  Duvessa (D:4)
  A black bear (D:4)
  A necrophage (D:5)
  An ogre (D:6)
  A wyvern zombie (D:5)
  Dowan (D:4)
  A water moccasin skeleton (D:6)
  3 killer bees (D:5)
  An electric eel (D:6)
  A hound (D:4)
  2 orc priests (D:5)
  A jelly (D:3)
  2 bullfrog skeletons
  Ijyb (D:4)
  An iguana (D:5)
  5 orc wizards
  6 adders
  7 gnolls
  An ufetubus (D:4)
  A worm (D:5)
  2 dart slugs
  22 orcs
  2 bats (D:1)
  6 endoplasms
  2 giant cockroaches
  6 hobgoblins
  5 jackals
  4 quokkas
  6 ball pythons
  A frilled lizard (D:1)
  5 goblins
  8 kobolds
  2 rats
110 creatures vanquished.

Notes
Turn   | Place    | Note
-------+----------+-------------------------------------------
     0 | D:1      | dr0g0th the Minotaur Fighter began the quest for the Orb.
     0 | D:1      | Reached XP level 1. HP: 19/19 MP: 0/0
     2 | D:1      | Noticed a felid
     2 | D:1      | Noticed a gargoyle
     4 | D:1      | Noticed a tengu
     4 | D:1      | Noticed a demonspawn
     6 | D:1      | Noticed a dwarf
     8 | D:1      | Noticed a human
    10 | D:1      | Noticed a ghoul
    12 | D:1      | Noticed a demigod
    12 | D:1      | Noticed a formicid
    14 | D:1      | Noticed a merfolk
    14 | D:1      | Noticed a minotaur
    16 | D:1      | Noticed a troll
    16 | D:1      | Noticed a naga
    18 | D:1      | Noticed an octopode
    18 | D:1      | Noticed an elf
    20 | D:1      | Noticed a vampire
    20 | D:1      | Noticed a vine stalker
    22 | D:1      | Noticed a spriggan
    22 | D:1      | Noticed an ogre
    24 | D:1      | Noticed a draconian
   107 | D:1      | Reached XP level 2. HP: 19/27 MP: 1/1
   275 | D:1      | Reached skill level 3 in Axes
   453 | D:1      | Found a faded altar of an unknown god.
   894 | D:2      | Reached XP level 3. HP: 33/33 MP: 2/2
  1978 | D:3      | Reached XP level 4. HP: 36/40 MP: 3/3
  2226 | D:3      | Found Apuynu's Jewellery Shop.
  2346 | D:3      | Reached skill level 4 in Axes
  2432 | D:3      | Reached XP level 5. HP: 46/46 MP: 4/4
  2803 | D:4      | Reached skill level 5 in Axes
  2803 | D:4      | Reached skill level 5 in Armour
  2812 | D:4      | Noticed Ijyb
  2822 | D:4      | Paralysed by Ijyb for 5 turns
  2827 | D:4      | Killed Ijyb
  2933 | D:4      | Noticed Dowan
  2933 | D:4      | Noticed Duvessa
  2941 | D:4      | Killed Duvessa
  2942 | D:4      | Reached skill level 1 in Dodging
  2942 | D:4      | Reached XP level 6. HP: 34/53 MP: 5/5
  2983 | D:4      | Killed Dowan
  3261 | D:4      | Reached skill level 6 in Axes
  3655 | D:4      | Reached XP level 7. HP: 50/60 MP: 6/6
  3802 | D:4      | Reached skill level 5 in Fighting
  4351 | D:5      | Entered Level 5 of the Dungeon
  4438 | D:5      | Reached skill level 7 in Axes
  4755 | D:5      | Reached skill level 8 in Axes
  4760 | D:5      | Reached XP level 8. HP: 10/69 MP: 7/7
  4766 | D:5      | HP: 3/69 [poisoned by a killer bee]
  5110 | D:5      | Found a sacrificial altar of Ru.
  5537 | D:6      | Found Doadwoa's Gadget Gallery.
  5771 | D:6      | Noticed a troll
  5782 | D:6      | Slain by a troll

Illustrated notes

Levels and vault maps discovered:
D:1:      kb_arrival_jail, layout_rooms,
          dreamdust_ecumenical_altar_hidden_monk_grotto
D:2:      layout_basic, minivault_14, amethyst_killhole, minmay_misc_feat_room,
          grunt_decor_mini_mirrors, minmay_misc_feat_iff,
          minmay_misc_feat_alley, chequers_serial_rivers_micro_b
D:3:      layout_basic, serial_shops, shop
D:4:      layout_loops_corners, uniq_duvessa, uniq_ijyb
D:5:      layout_gridville, hangedman_ru_absence
D:6:      layout_rooms, amcnicky_altar_gilded, temple_pool_b, fountainhead,
          nicolae_shop_gadgets

Skill      XL: |  1  2  3  4  5  6  7 |
---------------+----------------------+-----
Shields        | 4 |  4.7
Axes           | 3 4 5 6 8 |  8.8
Fighting       | 4 5 |  5.6
Armour         | 4 5 6 |  6.6
Dodging        | 1 2 |  2.9
Throwing       | |  0.1
Stealth        | |  0.4

Action                   |  1- 3 |  4- 6 |  7- 9 || total
-------------------------+-------+-------+-------++-------
Melee: War axe           |    77 |    97 |   105 ||   279
       Headbutt          |    14 |    19 |    21 ||    54
Throw: Throwing net      |       |       |     1 ||     1
  Use: Scroll            |     3 |       |     2 ||     5
       Potion            |       |     1 |     3 ||     4
Armor: Scale mail        |    50 |    36 |    41 ||   127
       Plate armour      |       |       |    11 ||    11
Dodge: Dodged            |    36 |    46 |    54 ||   136
Block: Buckler           |    13 |    27 |    29 ||    69

Table legend: (Time is in decaauts)
 A = Elapsed time spent in this place.
 B = Non-inter-level travel time spent in this place.
 C = Inter-level travel time spent in this place.
 D = Time resting spent in this place.
 E = Time spent auto-exploring this place.
 F = Levels seen in this place.
 G = Mean time per level.
                   A        B        C        D        E       F      G
               +--------+--------+--------+--------+--------+-----+--------+
         Total |   5846 |   5675 |    171 |   1066 |   3862 |   6 |  974.3 |
       Dungeon |   5846 |   5675 |    171 |   1066 |   3862 |   6 |  974.3 |
               +--------+--------+--------+--------+--------+-----+--------+

Top non-repeatable levels by time:
     D:4: 1576 daAuts
     D:5: 1191 daAuts
     D:2: 1152 daAuts
     D:3: 971 daAuts
     D:1: 706 daAuts
     D:6: 247 daAuts
